 Seeded DCSS version 0.29-a0-321-gf1c400731a (webtiles) character file.

Game seed: 14607736244556014094 (custom seed)

946 rabbitsville the Cleaver (level 8, 0/73 HPs)
             Began as a Hill Orc Monk on Apr 4, 2022.
             Was a Believer of Beogh.
             Slain by an iguana (7 damage)
             ... on level 5 of the Dungeon.
             The game lasted 00:18:27 (5943 turns).

rabbitsville the Cleaver (Hill Orc Monk)            Turns: 5943, Time: 00:18:28

Health: 0/73       AC:  6    Str: 14    XL:     8   Next: 13%
Magic:  8/8        EV: 10    Int: 10    God:    Beogh [**....]
Gold:   193        SH:  0    Dex: 21    Spells: 7/7 levels left

rFire   . . .      SeeInvis .   a - +0 war axe
rCold   . . .      Faith    .   (no shield)
rNeg    . . .      Spirit   .   h - +0 scale mail
rPois   .          Reflect  .   (no helmet)
rElec   .          Harm     .   (no cloak)
rCorr   .          Rampage  .   (no gloves)
Will    .....                   (no boots)
Stlth   ..........              (no amulet)
HPRegen 0.22/turn               p - +6 ring of dexterity
MPRegen 0.11/turn               (no ring)

@: confused, ambrosia-drunk, attractive
A: no striking features
a: Renounce Religion, Smiting


You were on level 5 of the Dungeon.
You worshipped Beogh.
Beogh was pleased with you.
You visited 1 branch of the dungeon, and saw 5 of its levels.
You also visited: Sewer.

You collected 246 gold pieces.
You spent 53 gold pieces at shops.

Inventory:

Hand Weapons
 a - a +0 war axe (weapon)
 b - a +0 hunting sling
 n - a +0 hand axe
 s - a +4 dire flail of protection
Missiles
 k - 2 throwing nets (quivered)
Armour
 e - a +0 robe of fire resistance
 h - a +0 scale mail (worn)
 m - a +0 robe
Jewellery
 p - a +6 ring of dexterity (left hand)
 r - an amulet of the acrobat
Scrolls
 f - 3 scrolls of teleportation
 g - 5 scrolls of identify {unknown}
 i - a scroll of fear {unknown}
 j - 2 scrolls of enchant armour {unknown}
 l - a scroll of holy word {unknown}
 o - a scroll of summoning {unknown}
 t - a scroll of immolation {unknown}
 u - a scroll of torment {unknown}
 y - a scroll of fog {unknown}
Potions
 q - 2 potions of attraction
 w - a potion of magic {unknown}
 x - a potion of lignification {unknown}
 A - a potion of flight {unknown}


   Skills:
 + Level 7.2 Fighting
 + Level 8.0 Axes
 + Level 4.5 Slings
 - Level 2.4 Dodging
 - Level 1.5 Stealth


You had 7 spell levels left.
You didn't know any spells.
Your spell library contained the following spells:

 Spells                   Type           Power      Damage    Failure   Level
 Ozocubu's Armour         Ice            0%         N/A       99%         3
 Metabolic Englaciation   Hex/Ice        0%         N/A       100%        5
 Simulacrum               Ice/Necr       0%         N/A       100%        6


Dungeon Overview and Level Annotations

Branches:
Dungeon (5/15)              Sewer (visited)
 Temple: D:4-7

Altars:
Elyvilon
Nemelex Xobeh
Uskayaw
Xom

Shops:
D:3 (!:


Message History

You feel extremely sick. The killer bee stings you!
* * * LOW HITPOINT WARNING * * *
The killer bee stings you.
* * * LOW HITPOINT WARNING * * *
It was a potion of curing.
You feel better.
You feel less invigorated. The killer bee closely misses you.
The killer bee stings you.
* * * LOW HITPOINT WARNING * * *
You are poisoned.
The killer bee poisons you!
Blink to where?
Press: ? - help, Dir - move target
As you read the scroll of blinking, it crumbles to dust.
You feel sick. The killer bee is attracted toward you.
As you read the scroll of teleportation, it crumbles to dust.
You feel strangely unstable.
You feel sick. The iguana is attracted toward you.
The killer bee attacks as you move away!
The killer bee stings you.
* * * LOW HITPOINT WARNING * * *
You feel sick.
The killer bee stings you but does no damage.
The iguana is attracted toward you.
You feel sick. The killer bee barely misses you.
The killer bee attacks as you move away!
The killer bee closely misses you.
You feel sick.
The killer bee stings you but does no damage.
The killer bee attacks as you move away!
The killer bee closely misses you.
Your surroundings seem slightly different.
You feel sick. The killer bee is attracted toward you.
You slash the killer bee!
You kill the killer bee!
Beogh accepts your kill.
You feel sick.
You are no longer poisoned.
The iguana is attracted toward you.
Your Axes skill increases to level 8!
You are confused.
You feel invigorated. The iguana bites you!
You die...

#....######### #.#
#..y.'.......###.#
#l..........#
#†#####.##### #+#
#§# #.# #.# #.#
#.# #.# #.# #.#
#.# #.# #.# #@#
#§# #.# #l# #.#
#.# #.# #.# #.#
#.###.# #.§.l^#
#######


You could see an iguana.

Vanquished Creatures
  2 bullfrogs (Sewer)
  2 scorpions (D:4)
  A necrophage (D:5)
  4 killer bees (D:5)
  4 crimson imps (D:3)
  An orc priest (D:4)
  A hound (D:5)
  2 iguanas
  Jessica (D:3)
  An orc wizard (D:4)
  3 gnolls (D:5)
  3 adders
  A white imp (D:5)
  A worm (D:4)
  2 dart slugs (D:1)
  6 orcs (D:4)
  7 bats
  8 endoplasms
  16 giant cockroaches
  8 hobgoblins
  9 quokkas
  4 ball pythons
  10 frilled lizards
  4 goblins
  4 kobolds
  3 rats
108 creatures vanquished.

Vanquished Creatures (others)
  A phantom (D:4)
  A hound (D:4)
  An orc priest (D:4)
  5 orcs (D:4)
8 creatures vanquished.

Grand Total: 116 creatures vanquished

Notes
Turn   | Place    | Note
-------+----------+-------------------------------------------
     0 | D:1      | rabbitsville the Hill Orc Monk began the quest for the Orb.
     0 | D:1      | Reached XP level 1. HP: 19/19 MP: 1/1
   447 | D:1      | Reached XP level 2. HP: 21/27 MP: 2/2
   833 | D:1      | Reached skill level 1 in Slings
  1123 | D:1      | Reached XP level 3. HP: 28/33 MP: 3/3
  1462 | D:2      | Found a faded altar of an unknown god.
  2056 | D:3      | Reached skill level 5 in Axes
  2056 | D:3      | Reached XP level 4. HP: 25/41 MP: 4/4
  2061 | D:3      | Found a glowing drain.
  2127 | D:3      | Found Laecimic's Weapon Shoppe.
  2141 | D:3      | Bought a +0 war axe for 42 gold pieces
  2183 | Sewer    | Entered a sewer
  2695 | Sewer    | Noticed a bullfrog
  2695 | Sewer    | Noticed a bullfrog
  2714 | Sewer    | Killed a bullfrog
  2715 | Sewer    | Reached skill level 5 in Fighting
  2715 | Sewer    | Reached XP level 5. HP: 11/48 MP: 5/5
  2716 | Sewer    | Reached skill level 6 in Axes
  2716 | Sewer    | Reached XP level 6. HP: 13/56 MP: 6/6
  3429 | D:3      | Noticed a +0 short sword
  3430 | D:3      | Noticed a +0 dagger
  3430 | D:3      | Noticed a +0 falchion
  3431 | D:3      | Noticed a +0 dagger
  3432 | D:3      | Noticed a +0 spear
  3432 | D:3      | Noticed a +0 spear
  3432 | D:3      | Noticed a +0 falchion
  3433 | D:3      | Noticed a +0 short sword
  3498 | D:3      | Found Gegant's Distillery.
  3504 | D:3      | Bought a potion of degeneration for 11 gold pieces
  3551 | D:3      | Noticed Jessica
  3557 | D:3      | Killed Jessica
  3568 | D:3      | Found Zaticown's Book Shop.
  3654 | D:3      | Found a shimmering altar of Xom.
  3839 | D:3      | Found a hide-covered altar of Uskayaw.
  3877 | D:4      | Became a worshipper of Beogh the Brigand
  3877 | D:4      | Reached * piety under Beogh
  3877 | D:4      | Reached ** piety under Beogh
  3961 | D:4      | Found a white marble altar of Elyvilon.
  4001 | D:4      | Reached XP level 7. HP: 28/63 MP: 7/7
  4387 | D:4      | Reached skill level 7 in Axes
  4880 | D:4      | Found Tycidgha's General Store.
  5064 | D:4      | Found a sparkling altar of Nemelex Xobeh.
  5189 | D:5      | Entered Level 5 of the Dungeon
  5918 | D:5      | Reached XP level 8. HP: 39/73 MP: 8/8
  5930 | D:5      | HP: 3/73 [killer bee (8)]
  5941 | D:5      | HP: 3/73 [poisoned by a killer bee]
  5943 | D:5      | Reached skill level 8 in Axes
  5943 | D:5      | Slain by an iguana

Illustrated notes

Levels and vault maps discovered:
D:1:      minmay_arrival_solitary_statue, layout_loops_cross,
          minmay_crystal_water, minmay_misc_feat_plants
D:2:      layout_basic, shapermc_ecumenical_altar_venn, interstate_on_off,
          nicolae_elevator_lobby_asterisk
D:3:      layout_rooms, nicolae_uskayaw_en_pointe, led_xom_imps,
          portal_sewer_entry_f, serial_shops, nicolae_lakefront_shop,
          nicolae_shop_advertising_works [nicolae_subvault_shop_adworks], shop,
          minivault_26, uniq_jessica
D:4:      layout_cave_pools, elyvilon_altar_5, nemelex_dance_club_becter,
          serial_shops, nicolae_shop_temple_entry_statues_fountains,
          kennysheep_generic_room_12
D:5:      layout_basic

Skill      XL: |  1  2  3  4  5  6  7  8 |
---------------+-------------------------+-----
Fighting       | 4 5 6 7 |  7.2
Slings         | 1 2 3 4 |  4.5
Axes           | 5 6 7 8 |  8.0
Dodging        | |  2.4
Stealth        | |  1.5

Action                   |  1- 3 |  4- 6 |  7- 9 || total
-------------------------+-------+-------+-------++-------
Melee: Hand axe          |   121 |    57 |       ||   178
       Punch             |     1 |       |     1 ||     2
       War axe           |       |    99 |   107 ||   206
 Fire: Hunting sling     |       |    67 |    21 ||    88
Invok: Convert to Beogh  |       |     1 |       ||     1
  Use: Potion            |       |     2 |     6 ||     8
       Scroll            |       |       |     3 ||     3
 Stab: Sleeping          |     6 |       |       ||     6
Armor: Robe              |    12 |       |       ||    12
       Scale mail        |    26 |    79 |    37 ||   142
Dodge: Dodged            |    49 |   112 |    74 ||   235

Table legend: (Time is in decaauts)
 A = Elapsed time spent in this place.
 B = Non-inter-level travel time spent in this place.
 C = Inter-level travel time spent in this place.
 D = Time resting spent in this place.
 E = Time spent auto-exploring this place.
 F = Levels seen in this place.
 G = Mean time per level.
                   A        B        C        D        E       F      G
               +--------+--------+--------+--------+--------+-----+--------+
         Total |   6143 |   6059 |     84 |    960 |   3144 |   6 | 1023.8 |
       Dungeon |   4851 |   4767 |     84 |    545 |   2750 |   5 |  970.2 |
         Sewer |   1292 |   1292 |      0 |    415 |    394 |   1 | 1292.0 |
               +--------+--------+--------+--------+--------+-----+--------+

Top non-repeatable levels by time:
     D:4: 1334 daAuts
     D:1: 1313 daAuts
   Sewer: 1292 daAuts
     D:5: 758 daAuts
     D:2: 736 daAuts
     D:3: 708 daAuts
